Unix NetHack Version 5.0.0-0 post-release - last build Jun 10 2026 00:39:30 (3ee93aec679c4c4259841fe613dc97188e26a321,branch:main).

Game began 2026-06-16 21:44:27, ended 2026-06-16 21:57:02.

Ch3Begorrah, chaotic male human Rogue

           -----                      ------------                        ----
           |...|         --------#####...........|         -------        |..|
           |....#        |.(....|#    |..........|         |.....|        |..|
           |...|##       |.<....-#    |..........|        #-......########-..|
           |...| #       |..%...|     |..........|        #-------#       |..|
           ----- #       -----|--     |..........|        ##              |..|
                 #          ###       |...(......|         #              -|--
                 #          #         ---+--------         ##              #
                 ###        #            ###[               #              #
                   #        #              ##               #             ##
                   #        #               ##              ##            #
                   #     ####               ##               #            #
                   #   --.---               ##          -----#          --|--
                   #   |....|           -----.-.----    |...-#          |@h.|
                   ##  |....|           |.........{|    |...|           |hhG|
                    ###-....|           |.......>..|    |...|           |ko.|
                       |....|           |..F........####....|           |oo.|
                       |....|           ------------    -----            o..|
                       ------                                           -----

Ch3Begorrah the Cutpurse  St:15 Dx:18 Co:14 In:10 Wi:11 Ch:8  Chaotic
Dlvl:5  $:225 HP:0(43) Pw:23(23) AC:6  Xp:5 T:1991  Hungry   Burdened

Latest messages:
 The jackal bites!
 You are beginning to feel hungry.
 You kill the jackal!
 In what direction? b
 You kill the goblin!
 You have a little trouble lifting g - a +0 dagger (at the ready) (15 in total).
 You hear the footsteps of a guard on patrol.
 You strike the hobgoblin from behind!
 You kill the hobgoblin!
 In what direction? j
 The dagger hits the hobgoblin.
 The hobgoblin wakes up!
 The hobgoblin screams!
 The hobgoblin wakes up.
 The gnome lord wakes up.
 The bugbear wakes up.
 The hobgoblin wakes up.
 The hobgoblin wakes up.
 The bugbear wakes up.
 The gnome wakes up.
 The large kobold wakes up.
 The dwarf queen wakes up.
 The bugbear picks up an iron skull cap.
 The hobgoblin hurls a black potion!
 The black potion misses the bugbear.
 The carafe crashes on your head and breaks into shards.
 The black potion evaporates.
 Something seems to be holding you.
 The bugbear picks up an iron skull cap.
 The hobgoblin throws an orcish dagger!
 The orcish dagger misses the bugbear.
 You are hit by an orcish dagger.
 The bugbear hits!
 The large kobold picks up a +0 dagger.
 The bugbear hits!
 The large kobold wields a +0 dagger!
 The hobgoblin wields an orcish dagger!
 The gnome lord throws 2 darts!
 The 1st dart hits the bugbear.
 The 2nd dart misses the bugbear.
 You are hit by the 2nd dart.
 The bugbear hits!
 The bugbear hits!
 The bugbear hits!
 The bugbear hits!
 The dwarf queen wields a broad pick!
 The dwarf queen swings her broad pick.
 The dwarf queen hits!
 You die...
 Do you want your possessions identified? [ynq] (y) q

Inventory:
 Coins    ('$')
  $ - 225 gold pieces
 Weapons  (')')
  b - a +0 dagger (weapon in right hand)
  g - 14 +0 daggers (at the ready)
  z - a cursed +0 dagger
  a - a +0 short sword (alternate weapon; not wielded)
 Armor    ('[')
  i - an uncursed +0 orcish helm (being worn)
  u - an uncursed +0 pair of iron shoes (being worn)
  v - a cursed -2 dwarvish cloak (being worn)
  c - an uncursed +1 leather armor (being worn)
 Scrolls  ('?')
  r - a cursed scroll of food detection
  E - an uncursed scroll of magic mapping named ok
  h - an uncursed scroll of taming named ok
 Potions  ('!')
  I - 5 uncursed potions of healing
  H - 2 cursed potions of healing
  d - an uncursed potion of sickness
  D - a potion of unholy water
 Wands    ('/')
  o - a wand of fire (0:6)
 Tools    ('(')
  f - an empty uncursed sack
  e - an uncursed lock pick
  w - a +0 pick-axe
 Gems/Stones  ('*')
  l - 2 cursed topaz stones
  k - a cursed worthless piece of green glass
  x - 3 uncursed worthless pieces of violet glass
  t - an uncursed worthless piece of yellow glass
  A - 7 uncursed rocks

Ch3Begorrah the Rogue's attributes:

Background:
 You were a Cutpurse, a level 5 male human Rogue.
 You were chaotic, nominally on a mission for Kos
 who was opposed by Issek (lawful) and Mog (neutral).
 You were right-handed.
 You were in the Dungeons of Doom, on level 5.
 You entered the dungeon 1991 turns ago.
 There was a new moon in effect when your adventure ended.
 You had 188 experience points, 132 more were needed to attain level 6.

Basics:
 You had 0 out of 43 hit points.
 You had all 23 energy points (spell power).
 Your armor class was 6.
 Your wallet contained 225 zorkmids.
 Autopickup was on for '$!/(' plus thrown, with exceptions.

Final Characteristics:
 Your strength was 15 (limit:18/100).
 Your dexterity was 18 (limit:18).
 Your constitution was 14 (limit:18).
 Your intelligence was 10 (limit:18).
 Your wisdom was 11 (limit:18).
 Your charisma was 8 (limit:18).

Final Status:
 You were hungry.
 You were burdened; movement was slightly slowed.
 You were wielding a dagger.
 You had basic skill with dagger and could have enhanced that.

Final Attributes:
 You were devoutly aligned.
 Your items were somewhat protected from fire.
 Your items were somewhat protected from cold.
 You were stealthy.
 You were warded.
 You were very fast.
 You are dead.

Miscellaneous:
 You didn't encounter any bones levels.
 Total elapsed playing time was 12 minutes and 34 seconds.

Major events:
 Turn
    1: Ch3Begorrah the chaotic male human Rogue entered the dungeon
  711: attained the rank of Cutpurse (level 3)
  833: entered the Gnomish Mines
 1991: killed by a dwarf queen, while frozen by a potion

You didn't know any spells.

Skills:
 Fighting Skills
   bare handed combat [Unskilled]
   two weapon combat  [Unskilled]
   riding             [Unskilled]
 Weapon Skills
   dagger             [Basic]
   knife              [Unskilled]
   short sword        [Basic]
   broadsword         [Unskilled]
   long sword         [Unskilled]
   two-handed sword   [Unskilled]
   saber              [Unskilled]
   club               [Unskilled]
   mace               [Unskilled]
   morning star       [Unskilled]
   flail              [Unskilled]
   hammer             [Unskilled]
   polearms           [Unskilled]
   spear              [Unskilled]
   crossbow           [Unskilled]
   dart               [Unskilled]
   shuriken           [Unskilled]
 Spellcasting Skills
   divination spells  [Unskilled]
   escape spells      [Unskilled]
   matter spells      [Unskilled]

Voluntary challenges:
 Character rerolling was not enabled.
 You followed a strict vegan diet.
 You were an atheist.
 You never genocided any monsters.
 You never polymorphed an object.
 You never changed form.
 You used no wishes.
Achievements:
 You attained the rank of Cutpurse.
 You entered the Gnomish Mines.

 The Dungeons of Doom: levels 1 to 6
    Level 1:
    Level 2:
       Some fountains.
    Level 3:
       Stairs down to The Gnomish Mines.
    Level 4:
    Level 5: <- You were here.
       A throne, a fountain.
       Final resting place for
          you, killed by a dwarf queen, while frozen by a potion.
    Level 6:
 The Gnomish Mines:
    Level 4:


Vanquished creatures:
  a water nymph
  2 fog clouds
  a floating eye
  a dwarf
  3 rothes
  a wererat
  a werejackal
  a gas spore
  3 hobgoblins
  2 giant rats
  a yellow mold
  3 gnomes
  2 geckos
  3 jackals
  3 goblins
  3 bats
  5 lichens
  a kobold zombie
  7 newts
44 creatures vanquished.

No species were genocided or became extinct.

Game over:
                       ----------
                      /          \
                     /    REST    \
                    /      IN      \
                   /     PEACE      \
                  /                  \
                  |   Ch3Begorrah    |
                  |      225 Au      |
                  |   killed by a    |
                  |   dwarf queen    |
                  |                  |
                  |                  |
                  |       2026       |
                 *|     *  *  *      | *
        _________)/\\_//(\/(/\)/\//\/|_)_______

Goodbye Ch3Begorrah the Rogue...

You died in The Dungeons of Doom on dungeon level 5 with 1255 points,
and 225 pieces of gold, after 1991 moves.
You were level 5 with a maximum of 43 hit points when you died.

